 Dungeon Crawl Stone Soup version 0.24.0-123-gd5b16e6ec5 (webtiles) character file.

Game seed: 3295693726241575715, levelgen mode: deterministic

1505 Delamore the Fighter (level 9, -3/75 HPs)
             Began as a Formicid Fighter on Jan 6, 2020.
             Slain by an ogre
             ... wielding a +0 giant club
              (8 damage)
             ... on level 4 of the Dungeon.
             The game lasted 00:06:05 (4542 turns).

Delamore the Fighter (Formicid Fighter)             Turns: 4542, Time: 00:06:06

Health: -3/75      AC: 10    Str: 25    XL:     9   Next: 8%
Magic:  9/9        EV:  8    Int:  7    God:
Gold:   218        SH:  9    Dex: 10    Spells: 8/8 levels left

rFire    . . .     SeeInvis +   a - +0 war axe
rCold    . . .     Gourm    .   c - +0 shield
rNeg     . . .     Faith    .   b - +0 scale mail
rPois    .         Spirit   .   (helmet unavailable)
rElec    .         Reflect  .   o - +0 cloak
rCorr    .         Harm     .   (no gloves)
MR       .....                  l - +1 pair of boots
Stlth    ..........             (no amulet)
HPRegen  0.22/turn              (no ring)
MPRegen  0.11/turn              (no ring)

@: no status effects
A: permanent stasis, dig shafts and tunnels, four strong arms, antennae 3
a: Dig, Shaft Self


You were on level 4 of the Dungeon.
You were not hungry.

You visited 1 branch of the dungeon, and saw 4 of its levels.
You also visited: Sewer and Ossuary.

You collected 218 gold pieces.

Inventory:

Hand Weapons
 a - a +0 war axe (weapon)
Missiles
 m - a throwing net (quivered)
Armour
 b - a +0 scale mail (worn)
 c - a +0 shield (worn)
 l - a +1 pair of boots (worn)
 o - a +0 cloak (worn)
Wands
 e - a wand of enslavement (10)
 p - a wand of flame (17)
Scrolls
 h - 5 scrolls of fear
 j - a scroll of fog
 k - 3 scrolls of remove curse
 s - 3 scrolls of enchant armour
 x - a scroll of immolation
 y - 2 scrolls of enchant weapon
 z - a scroll of noise
 B - a scroll of random uselessness
 D - a scroll of magic mapping
 E - 2 scrolls of teleportation
Potions
 d - 2 potions of might
 g - 2 potions of brilliance {unknown}
 i - 5 potions of curing {unknown}
 n - a potion of lignification
 q - 3 potions of heal wounds {unknown}
 r - a potion of flight {unknown}
 u - 4 potions of haste {unknown}
 v - a potion of magic {unknown}
 w - a potion of mutation {unknown}
 A - a potion of berserk rage {unknown}
 C - a potion of resistance {unknown}
Comestibles
 f - 7 rations


   Skills:
 + Level 8.5 Fighting
 + Level 8.2 Axes
 - Level 3.2 Armour
 - Level 3.6 Shields


You had 8 spell levels left.
You didn't know any spells.
Your spell library was empty.

Dungeon Overview and Level Annotations

Branches:
Dungeon (4/15)              Sewer (visited)         Ossuary (visited)
 Temple: D:4-7

Altars:
Elyvilon
Ru


Innate Abilities, Weirdness & Mutations

You cannot be hasted, slowed, berserked, paralysed or teleported.
You can dig through walls and to a lower floor.
Your four strong arms can wield two-handed weapons with a shield.
You have a pair of large antennae on your head. (SInv)


Message History

The ogre is heavily wounded.
The ogre hits you with a +0 giant club!!
You are too injured to fight recklessly!
You are too injured to fight recklessly!
You are too injured to fight recklessly!
You are too injured to fight recklessly!
You are too injured to fight recklessly!
You are too injured to fight recklessly!
You are too injured to fight recklessly!
You are too injured to fight recklessly!
You are too injured to fight recklessly!
Unknown command.
You hit the ogre but do no damage.
The ogre is heavily wounded.
The ogre hits you with a +0 giant club!!
* * * LOW HITPOINT WARNING * * *
You hit the ogre.
The ogre is heavily wounded.
The ogre hits you with a +0 giant club!
You die...

#.#######+#######.
.##.####.# #.
.........# #.
###.###..# #. #..#
#. ##.# #. #.# #.
##.+{ +. #.@# #.
#.O# #..# ...#
##..# ##.# . #.#
###+#######. #..
...... ... #...#
#.#


You could see an ogre.

Vanquished Creatures
  A phantom (D:4)
  A hornet zombie (Ossuary)
  An ogre (D:4)
  4 big kobolds (Sewer)
  A water moccasin zombie (Ossuary)
  2 centaur zombies (Ossuary)
  2 bullfrog zombies (Ossuary)
  2 orc wizards (D:4)
  An orc priest (D:4)
  Jessica (D:3)
  11 mummies (Ossuary)
  2 iguanas
  A worker ant (D:4)
  3 hound zombies (Ossuary)
  3 worker ant zombies (Ossuary)
  2 river rats (D:3)
  12 adders
  5 oozes
  2 adder zombies (Ossuary)
  An adder skeleton (D:4)
  6 worms
  3 dart slugs
  15 orcs
  8 bats
  A giant cockroach (D:1)
  4 goblins
  11 hobgoblins
  8 jackals
  4 ball pythons
  5 frilled lizards
  14 kobolds
  A leopard gecko zombie (Ossuary)
  A quokka skeleton (D:4)
  11 rats
150 creatures vanquished.

Vanquished Creatures (others)
  4 withered plants (Ossuary)
4 creatures vanquished.

Grand Total: 154 creatures vanquished

Notes
Turn   | Place    | Note
-------+----------+-------------------------------------------
     0 | D:1      | Delamore the Formicid Fighter began the quest for the Orb.
     0 | D:1      | Reached XP level 1. HP: 18/18 MP: 1/1
   135 | D:1      | Reached XP level 2. HP: 16/24 MP: 2/2
   402 | D:1      | Reached XP level 3. HP: 19/29 MP: 3/3
  1167 | D:2      | Found a white marble altar of Elyvilon.
  1371 | D:2      | Reached XP level 4. HP: 32/35 MP: 4/4
  1675 | D:3      | Reached XP level 5. HP: 17/42 MP: 5/5
  1772 | D:3      | Found a glowing drain.
  1777 | Sewer    | Entered a sewer
  1938 | Sewer    | Noticed a big kobold
  1954 | Sewer    | Killed a big kobold
  1954 | Sewer    | Reached XP level 6. HP: 13/49 MP: 6/6
  1955 | Sewer    | Reached skill level 5 in Axes
  2399 | Sewer    | Reached skill level 5 in Fighting
  2586 | Sewer    | Reached XP level 7. HP: 55/56 MP: 7/7
  2806 | D:3      | Noticed Jessica
  2812 | D:3      | Killed Jessica
  3347 | D:3      | Found a sacrificial altar of Ru.
  3584 | D:4      | Reached XP level 8. HP: 49/65 MP: 8/8
  3706 | D:4      | Found a sand-covered staircase.
  3711 | Ossuary  | Entered an ossuary
  4496 | D:4      | Reached XP level 9. HP: 73/74 MP: 9/9
  4542 | D:4      | Slain by an ogre

Levels and vault maps discovered:
D:1:      dpeg_arrival_brainrot, layout_basic
D:2:      layout_rooms, elyvilon_altar_3
D:3:      layout_loops_ring, nicolae_ru_the_path_less_chosen,
          lightli_sewer_entry_pipes, kennysheep_pointless_box, uniq_jessica
D:4:      layout_loops_ring, nicolae_ossuary_entry_plus, serial_glass,
          glass_columns_a, glass_columns_a, glass_columns_a, glass_columns_b,
          glass_columns_b, first_ration, minmay_door_square, grunt_ministairs_8

Skill      XL: |  1  2  3  4  5  6  7  8 |
---------------+-------------------------+-----
Axes           | 3 4 5 6 8 |  8.2
Fighting       | 4 5 6 8 |  8.5
Armour         | |  3.2
Shields        | |  3.6

Action                   |  1- 3 |  4- 6 |  7- 9 || total
-------------------------+-------+-------+-------++-------
Melee: War axe           |   109 |   159 |   333 ||   601
  Use: Scroll            |       |       |    12 ||    12
  Eat: Chunk             |     2 |     4 |     5 ||    11
       Ration            |       |       |     1 ||     1
Armor: Scale mail        |    75 |    66 |   125 ||   266
Dodge: Dodged            |    45 |    48 |    82 ||   175
Block: Shield            |    56 |    67 |   162 ||   285
